 Dungeon Crawl Stone Soup version 0.29-a0-323-g050149af67 (webtiles) character file.

Game seed: 8661987857349826907

41 spaghetti the Vandal (level 3, -1/24 (27) HPs)
             Began as a Formicid Hunter on Apr 10, 2022.
             Slain by a goblin
             ... wielding a +0 club
             ... led by Robin
              (4 damage)
             ... on level 2 of the Dungeon.
             The game lasted 00:02:54 (1032 turns).

spaghetti the Vandal (Formicid Hunter)              Turns: 1032, Time: 00:02:55

HP:   -1/24 (27)    AC: 10    Str: 17    XL:     3   Next: 75%
MP:   3/3           EV:  5    Int:  8    God:
Gold: 128           SH:  0    Dex: 14    Spells: 2/2 levels left

rFire   . . .      SeeInvis +   i - +0 whip {mace}
rCold   . . .      Faith    .   (no shield)
rNeg    . . .      Spirit   .   m - +0 plate armour
rPois   .          Reflect  .   (helmet unavailable)
rElec   .          Harm     .   (no cloak)
rCorr   .          Rampage  .   (no gloves)
Will    .....                   (no boots)
Stlth   ..........              (no amulet)
HPRegen 0.08/turn               (no ring)
MPRegen 0.08/turn               (no ring)

@: heavily drained
A: permanent stasis, dig shafts and tunnels, antennae 3, four strong arms
a: Dig, Shaft Self


You were on level 2 of the Dungeon.
You visited 1 branch of the dungeon, and saw 2 of its levels.

You collected 128 gold pieces.


Innate Abilities, Weirdness & Mutations

You cannot be hasted, slowed, berserked, paralysed or teleported.
You can dig through walls and to a lower floor.
You have a pair of large antennae on your head. (SInv)
Your four strong arms can wield two-handed weapons with a shield.


   Skills:
 - Level 2.1 Fighting
 + Level 5.7 Slings
 - Level 1.7 Dodging
 - Level 1.2 Stealth


You had 2 spell levels left.
You didn't know any spells.
Your spell library was empty.

Inventory:

Hand Weapons
 a - a +1 hunting sling {sling}
 i - a +0 whip (weapon) {mace}
   (You took it off a kobold on level 1 of the Dungeon)
 j - a +0 spear {polearm}
   (You found it on level 1 of the Dungeon)
Missiles
 d - 57 stones (quivered) {throwing}
Armour
 b - a +0 leather armour
 m - a +0 plate armour (worn)
   (You found it on level 2 of the Dungeon)
Scrolls
 c - a scroll of immolation {!r!r}
 e - a scroll of blinking {!r}
 f - a scroll of identify {@r1}
 h - a scroll of teleportation {@r4}
Potions
 l - a potion of cancellation

Dungeon Overview and Level Annotations

Branches:
Dungeon (2/15)

Altars:

Annotations:
D:2 Robin

##.........#..#
..............#
...###..####.##
#..# #.#
...###..# #.#
........# #.#
...####.####.#
. #.)##.g#
..#####)#.#@#
......)..##g#
.......#g##.#
.......#..#.#
.......##g#.#
....... )#.#
###.... g..#
##... ...# ###.
...#


You could see Robin and a goblin (strong).


Message History

You take 2 damage, and now have 21/23 hp.
You hit the goblin but do no damage. You hit the goblin.
The goblin hits you but does no damage. x2
You completely miss the goblin. The goblin hits you but does no damage.
The goblin hits you with a +0 club. 😮 HP[-6]
You take 6 damage, and now have 15/23 hp.
MASSIVE DAMAGE!! (PAUSE)
You hit the goblin. The goblin hits you but does no damage.
The goblin completely misses you.
You barely miss the goblin.
The goblin no longer looks unusually strong.
The goblin hits you but does no damage. x2
You hit the goblin.
You kill the goblin!
The goblin hits you but does no damage.
You closely miss the goblin.
The goblin no longer looks unusually strong.
The goblin hits you with a +0 club. 😮 HP[-2]
You take 2 damage, and now have 13/23 hp.
You hit the goblin.
The goblin hits you with a +0 club. 😮 HP[-1]
You take 1 damage, and now have 12/23 hp.
i - a +0 whip (weapon)
{mace} You hit the goblin.
The goblin hits you but does no damage.
You miss the goblin.
The goblin hits you but does no damage. x2 😮 HP[+1]
You closely miss the goblin. The goblin hits you but does no damage.
The goblin barely misses you.
You barely miss the goblin.
The goblin hits you but does no damage. x2
You whack the goblin!
You kill the goblin!
You now have 24 max hp (+1).
You barely miss the goblin. The goblin hits you with a +0 dagger.
* * * LOW HITPOINT WARNING * * *
The goblin hits you but does no damage. 😨 HP[-2]
You take 2 damage, and now have 11/24 hp.
You hit the goblin but do no damage.
The goblin hits you but does no damage. x2
You whack the goblin!
You kill the goblin!
The goblin hits you with a +0 dagger.
* * * LOW HITPOINT WARNING * * *
😨 HP[-1]
You take 1 damage, and now have 10/24 hp.
You closely miss the goblin. You hit Robin.
The goblin hits you but does no damage. Robin hits you but does no damage.
You hit Robin but do no damage. The goblin hits you with a +0 dagger.
* * * LOW HITPOINT WARNING * * *
Robin hits you but does no damage. 😨 HP[-1]
You take 1 damage, and now have 9/24 hp.
You barely miss the goblin. The goblin hits you but does no damage.
Robin hits you but does no damage.
Robin roars a battlecry!
The goblin goes into a battle-frenzy!
The goblin hits you but does no damage.
You closely miss the goblin. Robin barely misses you.
The goblin hits you but does no damage. 😨 HP[+1]
You aren't carrying any items that you can evoke.
Okay, then.
As you read the scroll labelled DAIRUL HEG DEI, it crumbles to dust.
It is a scroll of identify.
e - a scroll of blinking The goblin barely misses you.
Robin throws the goblin at you!
As you read the scroll labelled QAACAB REHUIMY, it crumbles to dust.
You assume a fearsome visage.
Robin looks frightened!
The goblin looks frightened! x2; It was a scroll of fear.
Unknown command.
Unknown command.
You hit Robin.
Your attack snaps Robin out of their fear.
Cornered, Robin turns to fight!
You closely miss Robin. You hit Robin but do no damage.
Robin hits you but does no damage.
You hit Robin but do no damage. Robin hits you but does no damage.
The goblin barely misses you.
You hit Robin but do no damage. The goblin barely misses you.
Robin throws the goblin at you!
You hit Robin but do no damage.
Robin hits you with a +2 short sword of flaming.
* * * LOW HITPOINT WARNING * * *
Robin burns you.
* * * LOW HITPOINT WARNING * * *
The goblin hits you but does no damage. 😱 HP[-5]
You take 5 damage, and now have 5/24 hp.
MASSIVE DAMAGE!! (PAUSE) Unknown command.
You closely miss Robin. The goblin hits you with a +0 club.
* * * LOW HITPOINT WARNING * * *
Robin hits you but does no damage. 😱 HP[-2]
You take 2 damage, and now have 3/24 hp.
Unknown command.
You closely miss Robin. The goblin hits you with a +0 club.
You die...

Skill      XL: |  1  2 |
---------------+-------+-----
Slings         | 5 |  5.7
Fighting       | |  2.1
Dodging        | |  1.7
Stealth        | |  1.2

Action                   || total
-------------------------++-------
Melee: Whip              ||    31
       Unarmed           ||    13
 Fire: Hunting sling     ||    48
Throw: Stone             ||     1
 Abil: Dig               ||     7
  Use: Potion            ||     3
       Scroll            ||     3
Armor: Plate armour      ||    65
Dodge: Dodged            ||    24

Levels and vault maps discovered:
D:1:      dpeg_arrival_simpleton_a, layout_loops_ring
D:2:      layout_basic, serial_glass, glass_columns_a, glass_columns_b,
          kennysheep_cluttered_room, uniq_robin

Notes
Turn   | Place    | Note
-------+----------+-------------------------------------------
     0 | D:1      | spaghetti the Formicid Hunter began the quest for the Orb.
     0 | D:1      | Reached XP level 1. HP: 16/16 MP: 1/1
     0 | D:1      | magus.rc [v1.9.6]
   300 | D:1      | Reached XP level 2. HP: 22/22 MP: 2/2
   721 | D:2      | Reached skill level 5 in Slings
   834 | D:2      | Reached XP level 3. HP: 21/27 MP: 3/3
   989 | D:2      | Noticed Robin
  1030 | D:2      | HP: 5/24 [Robin/+2 short sword of flaming (2)]
  1032 | D:2      | Slain by a goblin

Vanquished Creatures
  An adder (D:2)
  A dart slug (D:2)
  An endoplasm (D:1)
  A giant cockroach (D:2)
  9 goblins (D:2)
  2 hobgoblins
  3 quokkas
  3 frilled lizards
  3 kobolds
  2 rats (D:1)
26 creatures vanquished.

Table legend:
 A = Non-vault XP
 B = Vault XP
 C = Vault XP percentage of total XP
 D = Non-vault monster count
 E = Vault monster count
 F = Vault count percentage of total count
                 A         B        C        D         E       F
            +---------+---------+-------+---------+---------+-------
      Total |      44 |      15 |  25.4 |      18 |       8 |  30.8
            +---------+---------+-------+---------+---------+-------
        D:1 |      14 |       0 |   0.0 |       9 |       0 |   0.0
        D:2 |      30 |      15 |  33.3 |       9 |       8 |  47.1
            +---------+---------+-------+---------+---------+-------

Illustrated notes

Table legend:
 A = Kills in this place as a percentage of kills in entire the game.
 B = Kills by you in this place as a percentage of kills by you in the entire game.
 C = Kills by friends in this place as a percentage of kills by friends in the entire game.
 D = Other kills in this place as a percentage of other kills in the entire game.
 E = Experience gained in this place as a percentage of experience gained in the entire game.
 F = Experience gained in this place divided by the number of levels of this place that you have seen.
                   A       B       C       D       E      F
               +-------+-------+-------+-------+-------+----------------------
         Total | 100.0 | 100.0 |   N/A |   N/A | 100.0 |  29.5
       Dungeon | 100.0 | 100.0 |   N/A |   N/A | 100.0 |  29.5
               +-------+-------+-------+-------+-------+----------------------

Table legend: (Time is in decaauts)
 A = Elapsed time spent in this place.
 B = Non-inter-level travel time spent in this place.
 C = Inter-level travel time spent in this place.
 D = Time resting spent in this place.
 E = Time spent auto-exploring this place.
 F = Levels seen in this place.
 G = Mean time per level.
                   A        B        C        D        E       F      G
               +--------+--------+--------+--------+--------+-----+--------+
         Total |   1059 |   1043 |     16 |     97 |    743 |   2 |  529.5 |
       Dungeon |   1059 |   1043 |     16 |     97 |    743 |   2 |  529.5 |
               +--------+--------+--------+--------+--------+-----+--------+

Top non-repeatable levels by time:
     D:1: 714 daAuts
     D:2: 345 daAuts
